 Dungeon Crawl Stone Soup version 0.30-a0-965-g42e074c17a (webtiles) character file.

Game seed: 9842487594910164279

32757 coolguy69 the Bludgeoner (level 13, -8/84 HPs)
             Began as a Gargoyle Monk on Mar 31, 2023.
             Was the Champion of Okawaru.
             Mangled by a spriggan simulacrum (13 damage)
             ... in an ice cave.
             The game lasted 00:25:27 (14027 turns).

coolguy69 the Bludgeoner (Gargoyle Monk)           Turns: 14027, Time: 00:25:28

Health: -8/84      AC: 38    Str: 28    XL:     13   Next: 66%
Magic:  19/21      EV: 11    Int: 19    God:    Okawaru [******]
Gold:   1283       SH:  0    Dex: 12    Spells: 12/12 levels left

rFire   + + .      SeeInvis .    z - +11 great mace "Acarineslayer" {flame, rN+ Str+3 Int+4}
rCold   . . .      Faith    .    (shield currently unavailable)
rNeg    + + .      Spirit   .    w - +0 plate armour {Will+}
rPois   ∞          Reflect  .    t - +1 hat {Int+3}
rElec   +          Rampage  .    a - +1 cloak
rCorr   .                        O - +0 pair of gloves
Will    +....                    H - +1 pair of boots of Vanity {rPois rF++ Slay+3 Stlth-}
Stlth   x                          - amulet of regeneration
HPRegen 1.14/turn                o - +4 ring of protection
MPRegen 0.17/turn                B - +6 ring of strength

@: heroic
A: sickness immunity, AC +9, negative energy resistance 1, electricity
resistance, torment resistance 1, petrification resistance
a: Renounce Religion, Heroism, Finesse, Duel


You were in an ice cave.
You worshipped Okawaru.
Okawaru was exalted by your worship.
You visited 4 branches of the dungeon, and saw 17 of its levels.
You also visited: Ice Cave.

You collected 1547 gold pieces.
You spent 264 gold pieces at shops.

Inventory:

Hand Weapons
 z - the +11 great mace "Acarineslayer" (weapon) {flame, rN+ Str+3 Int+4}
   (You bought it in a shop on level 5 of the Dungeon)

   Str:       It affects your strength (+3).
   Int:       It affects your intelligence (+4).
   rN:        It protects you from negative energy.
Armour
 a - a +1 cloak (worn)
 t - a +1 hat of intelligence (worn)
 w - a +0 plate armour of willpower (worn)
 H - the +1 pair of boots of Vanity (worn) {rPois rF++ Slay+3 Stlth-}
   (Okawaru gifted it to you on level 12 of the Dungeon)

   Slay:      It affects your accuracy & damage with ranged weapons and melee
   (+3).
   rF:        It greatly protects you from fire.
   rPois:     It protects you from poison.
   Stlth:     It makes you less stealthy.
 O - a +0 pair of gloves (worn)
Jewellery
 e - a ring of protection from cold
 m - a ring of see invisible
 o - a +4 ring of protection (left hand)
 u - an amulet of reflection
 x - an amulet of regeneration (around neck)
 B - a +6 ring of strength (right hand)
 F - a ring of protection from cold
Wands
 A - a wand of roots (5)
 E - a wand of flame (11)
 J - a wand of polymorph (5)
 N - a wand of mindburst (2)
Scrolls
 b - 4 scrolls of poison
 d - 2 scrolls of fear
 f - 8 scrolls of immolation
 g - 6 scrolls of enchant weapon
 h - a scroll of magic mapping
 p - a scroll of silence
 q - 3 scrolls of butterflies
 r - 3 scrolls of teleportation
 y - 5 scrolls of fog
 C - 4 scrolls of noise
 G - 10 scrolls of identify
 M - a scroll of brand weapon
Potions
 c - 2 potions of ambrosia
 i - a potion of brilliance
 j - a potion of might
 k - 5 potions of flight
 l - 6 potions of curing
 n - a potion of magic
 s - 2 potions of haste
 v - 3 potions of mutation
 D - a potion of berserk rage
 I - a potion of invisibility {unknown}
 K - 2 potions of heal wounds
 L - a potion of resistance


   Skills:
 + Level 11.1(16.1) Fighting
 * Level 15.3(20.3) Maces & Flails
 + Level 10.7(15.7) Armour
 - Level 3.4(8.4) Dodging
 - Level 4.0(9.0) Stealth
 - Level 11.1 Invocations


You had 12 spell levels left.
You didn't know any spells.
Your spell library contained the following spells:

 Spells                   Type           Power      Damage    Failure   Level
 Sandblast                Erth           0%         2d4       75%         1
 Shock                    Conj/Air       0%         1d3       75%         1
 Slow                     Hex            0%         N/A       75%         1
 Passwall                 Tmut/Erth      0%         N/A       87%         2
 Poisonous Vapours        Pois/Air       0%         N/A       87%         2
 Confusing Touch          Hex            0%         N/A       98%         3
 Dazzling Flash           Conj/Hex       0%         N/A       98%         3
 Frozen Ramparts          Ice            0%         1d1       98%         3
 Inner Flame              Hex/Fire       0%         N/A       98%         3
 Mephitic Cloud           Conj/Pois/Air  0%         N/A       98%         3
 Stone Arrow              Conj/Erth      0%         3d7       98%         3
 Swiftness                Air            0%         N/A       98%         3
 Vampiric Draining        Necr           0%         2d6       98%         3
 Airstrike                Air            0%         2d(0-16)  100%        4
 Anguish                  Hex/Necr       0%         N/A       100%        4
 Cause Fear               Hex            0%         N/A       100%        4
 Ice Form                 Ice/Tmut       0%         N/A       100%        4
 Agony                    Necr           0%         N/A       100%        5
 Freezing Cloud           Conj/Ice/Air   0%         6-21      100%        5
 Silence                  Hex/Air        0%         N/A       100%        5
 Enfeeble                 Hex            0%         N/A       100%        7
 Orb of Destruction       Conj           0%         9d5       100%        7
 Discord                  Hex            0%         N/A       100%        8
 Polar Vortex             Ice            0%         N/A       100%        9
 Cigotuvi's Dreadful Rot  Necr/Pois/Air  Unusable   N/A       N/A         2
 Summon Guardian Golem    Hex/Summ       Unusable   N/A       N/A         3
 Summon Ice Beast         Ice/Summ       Unusable   N/A       N/A         4
 Simulacrum               Ice/Necr       Unusable   N/A       N/A         6
 Spellforged Servitor     Conj/Summ      Unusable   N/A       N/A         7

Dungeon Overview and Level Annotations

Branches:
Dungeon (12/15)            Temple (1/1) D:4            Lair (2/5) D:11
 Shoals (0/4) Lair:2          Orc (2/2) D:9             Elf (0/3) Orc:2
  IceCv (1/1)
  Snake: Lair:2-3    Spider: Lair:2-3

Altars:
Cheibriados
Dithmenos
Fedhas
Gozag
Hepliaklqana
Makhleb
Nemelex Xobeh
Okawaru
Qazlal
Ru
Sif Muna
Trog
Uskayaw
Vehumet
Yredelemnul
Zin

Shops:
D:5 *   D:12 !   Orc:1 (   Orc:2 :!*[=(

Annotations:
D:3 2 transporters, oldplebian's ghost, amateur MfBe
D:9 4 transporters


Innate Abilities, Weirdness & Mutations

You are immune to sickness and miasma.
Your stone body is resilient. (AC +9)
You are immune to poison.
You resist negative energy. (rN+)
You are resistant to electric shocks. (rElec)
You are resistant to unholy torment.
You are immune to petrification.


Message History

The polar bear simulacrum claws you. The polar bear simulacrum freezes you!!
The elephant simulacrum completely misses you. x2
The naga simulacrum hits you but does no damage.
The naga simulacrum constricts you.
You gain the combat prowess of a mighty hero.
The spriggan simulacrum hits you. The spriggan simulacrum freezes you!
* * * LOW HITPOINT WARNING * * *
The polar bear simulacrum barely misses you.
The polar bear simulacrum claws you but does no damage. x2
The elephant simulacrum tramples you but does no damage.
The elephant simulacrum closely misses you.
The naga simulacrum hits you but does no damage.
The naga simulacrum constricts you.
You thump the polar bear simulacrum!
You melt the polar bear simulacrum.
The polar bear simulacrum vaporises!
Okawaru accepts your kill.
The spriggan simulacrum hits you but does no damage.
Unknown command.
You barely miss the naga simulacrum.
The naga simulacrum is heavily damaged.
The elephant simulacrum tramples you but does no damage.
The elephant simulacrum trunk-slaps you but does no damage.
The naga simulacrum barely misses you. The naga simulacrum constricts you.
You bludgeon the naga simulacrum!!
You melt the naga simulacrum.
The naga simulacrum vaporises!
Okawaru accepts your kill. The spriggan simulacrum hits you.
* * * LOW HITPOINT WARNING * * *
The spriggan simulacrum freezes you!
* * * LOW HITPOINT WARNING * * *
The elephant simulacrum tramples you but does no damage.
The elephant simulacrum trunk-slaps you but does no damage.
The naga simulacrum closely misses you. x2
You sock the naga simulacrum!
You melt the naga simulacrum!
The naga simulacrum vaporises!
Okawaru accepts your kill. The spriggan simulacrum hits you.
* * * LOW HITPOINT WARNING * * *
The spriggan simulacrum freezes you!
You die...

##...# .§§#☼#
#...## §§§§☼
#...###§○§#
##...#§§§.#
##..§§§.#
##.§##.#
##..## #..##
#@Z# #ZZ°.#
.........
............#
#.............
##............
##........###
####...###


You could see an elephant simulacrum, a cane toad simulacrum and a spriggan
simulacrum.

Vanquished Creatures
  Gastronok (D:9)
  The ghost of epsilonplus the Geomancer, a journeyman GrEE of Vehumet (Orc:2)
  Harold (D:11)
  A hydra (Lair:2)
  A boulder beetle (D:12)
  2 two-headed ogres
  A centaur warrior (D:12)
  3 orc high priests (Orc:2)
  Sonja (Orc:1)
  5 orc knights (Orc:2)
  3 manticores
  4 orc sorcerers (Orc:2)
  2 black mambas (Lair:2)
  A gargoyle (D:12)
  2 unseen horrors
  A cane toad (Lair:1)
  5 komodo dragons
  5 kobold demonologists
  A wind drake (Lair:2)
  3 trolls
  5 blink frogs (Lair:2)
  Sigmund (D:5)
  6 slime creatures (D:12)
  3 wyverns
  2 wraiths (D:12)
  A vampire (D:11)
  16 yaks
  5 steam dragons
  A death yak simulacrum (IceCv)
  2 vampire mosquitoes (D:11)
  4 acid dragons
  2 wargs
  7 water moccasins
  A floating eye (shapeshifter) (D:12)
  A sky beast (D:8)
  15 orc warriors
  A black bear (D:5)
  2 ice beasts
  7 ogres
  8 wolves
  9 centaurs
  A phantom (D:5)
  10 kobold brigands
  4 bullfrogs
  A gnoll sergeant (D:11)
  A cane toad simulacrum (IceCv)
  A scorpion (D:5)
  7 wights
  14 killer bees
  A howler monkey (D:8)
  11 orc priests
  A jelly (D:8)
  4 hounds
  A sleepcap (D:8)
  2 iguanas
  12 orc wizards
  2 polar bear simulacra (IceCv)
  Natasha (D:3)
  A troll simulacrum (IceCv)
  2 wolf simulacra (IceCv)
  5 gnolls
  2 naga simulacra (IceCv)
  5 adders
  A shadow imp (D:5)
  15 white imps
  An ufetubus (D:7)
  2 dart slugs
  45 orcs
  5 ball pythons
  10 endoplasms
  3 giant cockroaches
  8 goblins
  5 hobgoblins
  2 jackals (D:3)
  4 quokkas
  8 bats
  5 frilled lizards
  46 kobolds
  6 rats
  A butterfly (Lair:1)
399 creatures vanquished.

Vanquished Creatures (others)
  45 plants
45 creatures vanquished.

Grand Total: 444 creatures vanquished

Notes
Turn   | Place    | Note
-------+----------+-------------------------------------------
     0 | D:1      | coolguy69 the Gargoyle Monk began the quest for the Orb.
     0 | D:1      | Reached XP level 1. HP: 14/14 MP: 1/1
   150 | D:1      | Reached XP level 2. HP: 19/19 MP: 2/2
  1195 | D:2      | Reached XP level 3. HP: 22/23 MP: 3/3
  1881 | D:3      | Reached XP level 4. HP: 29/29 MP: 4/4
  1924 | D:3      | Noticed Natasha
  1930 | D:3      | Killed Natasha
  2021 | D:3      | Found a transporter.
  2021 | D:3      | Noticed oldplebian's ghost (amateur MfBe)
  2030 | D:3      | Found a transporter.
  2568 | D:4      | Reached XP level 5. HP: 33/33 MP: 5/5
  2739 | D:4      | Found a sacrificial altar of Ru.
  2946 | D:4      | Found a snail-covered altar of Cheibriados.
  3049 | D:4      | Noticed a kobold brigand
  3082 | D:4      | Killed a kobold brigand
  3083 | D:4      | Reached skill level 4 in Maces & Flails
  3112 | D:4      | Reached XP level 6. HP: 27/39 MP: 6/6
  3568 | D:4      | Found a staircase to the Ecumenical Temple.
  3768 | Temple   | Entered the Ecumenical Temple
  3774 | Temple   | Became a worshipper of Warmaster Okawaru
  3774 | Temple   | Reached * piety under Okawaru
  3774 | Temple   | Reached ** piety under Okawaru
  3789 | D:5      | Entered Level 5 of the Dungeon
  3801 | D:5      | Reached skill level 1 in Invocations
  3809 | D:5      | Reached skill level 1 in Armour
  3931 | D:5      | Noticed Sigmund
  3948 | D:5      | Killed Sigmund
  3949 | D:5      | Reached XP level 7. HP: 41/44 MP: 7/9
  4317 | D:5      | Reached *** piety under Okawaru
  4318 | D:5      | Reached skill level 5 in Maces & Flails
  4331 | D:5      | Reached XP level 8. HP: 16/48 MP: 11/11
  4360 | D:5      | Reached skill level 5 in Invocations
  4692 | D:5      | Found Dytek's Assorted Antiques.
  4700 | D:5      | Bought a brightly glowing great mace for 264 gold pieces
  4700 | D:5      | Identified the +11 great mace "Acarineslayer" {flame, rN+
                  | Str+3 Int+4} (You bought it in a shop on level 5 of the
                  | Dungeon)
  4723 | D:5      | Noticed a +0 dagger
  4723 | D:5      | Noticed a +0 short sword
  4723 | D:5      | Noticed a +0 spear
  4725 | D:5      | Noticed a +0 falchion
  4725 | D:5      | Noticed a +0 spear
  4725 | D:5      | Noticed a +0 short sword
  5012 | D:5      | Noticed a +0 dagger
  5013 | D:5      | Noticed a +0 falchion
  5021 | D:5      | Found a hide-covered altar of Uskayaw.
  5338 | D:6      | Reached **** piety under Okawaru
  5381 | D:6      | Reached skill level 6 in Maces & Flails
  5446 | D:6      | Found a basalt altar of Yredelemnul.
  5660 | D:6      | Found a hazy altar of Hepliaklqana.
  5816 | D:7      | Reached skill level 5 in Armour
  5816 | D:7      | Reached XP level 9. HP: 32/52 MP: 14/14
  5974 | D:7      | Found a burning altar of Makhleb.
  6486 | D:8      | Reached ***** piety under Okawaru
  6513 | D:8      | Reached skill level 7 in Maces & Flails
  6717 | D:8      | Found a blossoming altar of Fedhas.
  6735 | D:8      | Reached XP level 10. HP: 50/58 MP: 15/17
  7210 | D:9      | Noticed Gastronok
  7218 | D:9      | Killed Gastronok
  7218 | D:9      | Received a gift from Okawaru
  7219 | D:9      | Reached skill level 8 in Maces & Flails
  7219 | D:9      | Reached skill level 10 in Invocations
  7300 | D:9      | Found a transporter.
  7314 | D:9      | Found a transporter.
  7434 | D:9      | Found a transporter.
  7653 | D:9      | Found a staircase to the Orcish Mines.
  7726 | D:9      | Found a transporter.
  8031 | Orc:1    | Entered Level 1 of the Orcish Mines
  8038 | Orc:1    | Noticed Sonja
  8041 | Orc:1    | Killed Sonja
  8042 | Orc:1    | Reached skill level 5 in Fighting
  8089 | Orc:1    | Reached skill level 9 in Maces & Flails
  8165 | Orc:1    | Found Jeawkyah's Weapon Shop.
  8266 | Orc:1    | Reached XP level 11. HP: 40/64 MP: 19/19
  8377 | Orc:2    | Entered Level 2 of the Orcish Mines
  8661 | Orc:2    | Noticed an orc knight
  8664 | Orc:2    | Killed an orc knight
  8665 | Orc:2    | Reached skill level 10 in Maces & Flails
  8665 | Orc:2    | Received a gift from Okawaru
  8752 | Orc:2    | Noticed epsilonplus's ghost (journeyman GrEE)
  8799 | Orc:2    | Found a runed translucent door.
  8818 | Orc:2    | Killed epsilonplus's ghost
  9247 | Orc:2    | Found a staircase to the Elven Halls.
  9265 | Orc:2    | Found Niysmean's Self-Improvement Boutique.
  9336 | Orc:2    | Noticed an orc knight
  9337 | Orc:2    | Identified the +0 chain mail of Proximity {-Cast rN+ Dex+3}
                  | (Okawaru gifted it to you on level 2 of the Orcish Mines)
  9337 | Orc:2    | Received a gift from Okawaru
  9350 | Orc:2    | Killed an orc knight
  9386 | Orc:2    | Reached skill level 11 in Maces & Flails
  9426 | Orc:2    | Noticed an orc high priest
  9434 | Orc:2    | Noticed a sixfirhy
  9438 | Orc:2    | Killed an orc high priest
  9443 | Orc:2    | Noticed an orc knight
  9450 | Orc:2    | Noticed an orc sorcerer
  9452 | Orc:2    | Killed an orc knight
  9453 | Orc:2    | Noticed an orc high priest
  9459 | Orc:2    | Noticed an orc sorcerer
  9462 | Orc:2    | Killed an orc sorcerer
  9485 | Orc:2    | Killed an orc sorcerer
  9489 | Orc:2    | Killed an orc high priest
  9490 | Orc:2    | Reached skill level 12 in Maces & Flails
  9633 | Orc:2    | Noticed an orc sorcerer
  9650 | Orc:2    | Killed an orc sorcerer
  9655 | Orc:2    | Noticed an orc knight
  9658 | Orc:2    | Reached XP level 12. HP: 62/74 MP: 20/20
  9711 | Orc:2    | Noticed an orc high priest
  9715 | Orc:2    | Killed an orc high priest
  9717 | Orc:2    | Found Efemupnecro's Distillery.
  9717 | Orc:2    | Found Reis's Jewellery Emporium.
  9719 | Orc:2    | Found Gien's Assorted Antiques.
  9719 | Orc:2    | Found Estulul's Antique Armour Emporium.
  9917 | Orc:2    | Found Tuatzis's Antique Weapon Boutique.
 10144 | D:10     | Entered Level 10 of the Dungeon
 10325 | D:10     | Noticed a two-headed ogre
 10330 | D:10     | Killed a two-headed ogre
 10581 | D:10     | Reached skill level 13 in Maces & Flails
 10585 | D:10     | Found a bloodstained altar of Trog.
 10873 | D:11     | Noticed Harold
 10881 | D:11     | Killed Harold
 10914 | D:11     | Identified the +5 battleaxe of Distant Worlds {speed,
                  | Int+3} (Okawaru gifted it to you on level 11 of the
                  | Dungeon)
 10914 | D:11     | Received a gift from Okawaru
 10958 | D:11     | Reached ****** piety under Okawaru
 11182 | D:11     | Identified the +1 chain mail "Jeenoff" {Int+3 Dex+2}
 11249 | D:11     | Found a shadowy altar of Dithmenos.
 11391 | D:11     | Noticed a soul eater
 11466 | D:11     | Reached skill level 10 in Fighting
 11505 | D:11     | Found a staircase to the Lair.
 11510 | D:11     | Reached skill level 14 in Maces & Flails
 11841 | D:12     | Noticed a boulder beetle
 11857 | D:12     | Reached XP level 13. HP: 46/82 MP: 21/21
 11938 | D:12     | Found Tuemeer's Distillery.
 11997 | D:12     | HP: 2/82 [very large slime creature (34)]
 12139 | D:12     | Identified the +1 pair of boots of Vanity {rPois rF++
                  | Slay+3 Stlth-} (Okawaru gifted it to you on level 12 of the
                  | Dungeon)
 12139 | D:12     | Received a gift from Okawaru
 12281 | D:12     | Reached skill level 10 in Armour
 12662 | Lair:1   | Entered Level 1 of the Lair of Beasts
 13431 | Lair:2   | Reached skill level 15 in Maces & Flails
 13655 | Lair:2   | Found a staircase to the Shoals.
 13967 | Lair:2   | Found a frozen archway.
 13991 | IceCv    | Entered an ice cave
 14027 | IceCv    | Mangled by a spriggan simulacrum

Illustrated notes

Levels and vault maps discovered:
D:1:      wheals_arrival_linesprint, layout_basic
D:2:      layout_basic
D:3:      layout_loops_ring, gammafunk_ghost_mausoleum, serial_glass,
          glass_columns_b, glass_columns_a, minmay_strange_pillars,
          due_unseen_surprise, feat_on_display, minmay_misc_feat_cross,
          uniq_natasha
D:4:      kennysheep_kobold_camp, layout_basic, nicolae_ru_awakened_eye,
          cheibriados_altar_1, minmay_temple_entry_offerings,
          minmay_misc_feat_five, chequers_jeans
D:5:      minmay_opposing_rooms, layout_cave_pods, nicolae_uskayaw_en_pointe,
          serial_shops, shop, uniq_sigmund
D:6:      layout_loops_cross, mainiacjoe_overflow_brackets,
          mainiacjoe_overflow_chevrons
D:7:      layout_gridville, marbit_many_paths
D:8:      layout_loops_ring, fedhas_bush_and_centaur_altar,
          kennysheep_generic_room_8
D:9:      layout_irregular_city, orc_0_dummy, amcnicky_mini_corridor_feature,
          nicolae_diode_intersection, uniq_gastronok
D:10:     layout_gridville, trog_antimagical
D:11:     layout_roguey, erik_lair_dragon, nicolae_dithmenos_shadow_blocks,
          uniq_harold
D:12:     layout_roguey, serial_shops, nicolae_stop_n_shop_1
Temple:   eino_narrow_crystal_temple
Lair:1:   layout_layer_cave, dreamdust_mushroom_princess, serial_bayou_shore_a,
          lemuel_fruit_fields
Lair:2:   layout_concentric_octagons, minmay_shoals_entry_beasts,
          portal_ice_cave_entry_imps, columned_hall_lemuel, st_stairs_4,
          ldierk_geyser, grunt_megastairs_4, infiniplex_staircase_pool_2
Orc:1:    layout_diamond_mine, serial_shops, nicolae_shop_hallway_stairs,
          uniq_sonja
Orc:2:    grunt_orc_tribal_feast, layout_diamond_mine, serial_shops,
          nicolae_shop_stone, hellmonk_ghost_happy_afterlife,
          nicolae_shop_self_help
IceCv:    ice_cave_small_necro

Skill      XL: |  1  2  3  4  5  6  7  8  9 10 11 12 13 |
---------------+----------------------------------------+-----
Stealth        | 3 4 |  4.0
Dodging        | 3 |  3.4
Fighting       | 4 5 8 10 11 | 11.1
Maces & Flails | 4 5 6 7 9 12 14 15 | 15.3
Invocations    | 3 4 7 9 11 | 11.1
Armour         | 2 3 5 6 7 9 10 | 10.7

Action                     |  1- 3 |  4- 6 |  7- 9 | 10-12 | 13-15 || total
---------------------------+-------+-------+-------+-------+-------++-------
  Melee: Mace              |   114 |   148 |       |       |       ||   262
         Punch             |       |     2 |     3 |       |       ||     5
         Whip              |       |    32 |   108 |       |       ||   140
         Great mace        |       |       |   110 |   395 |   158 ||   663
 Invoke: Heroism           |       |       |     1 |     7 |     2 ||    10
         Finesse           |       |       |       |     2 |       ||     2
    Use: Potion            |       |     1 |     7 |     2 |       ||    10
         Scroll            |       |       |    13 |     6 |     1 ||    20
   Stab: Sleeping          |     8 |     3 |     1 |       |       ||    12
 Armour: Robe              |    19 |       |       |       |       ||    19
         Ring mail         |    23 |    82 |   132 |       |       ||   237
         Skin              |       |       |    95 |       |       ||    95
         Plate armour      |       |       |    21 |   379 |   168 ||   568
  Dodge: Dodged            |    84 |   106 |   221 |   231 |    83 ||   725

Table legend: (Time is in decaauts)
 A = Elapsed time spent in this place.
 B = Non-inter-level travel time spent in this place.
 C = Inter-level travel time spent in this place.
 D = Time resting spent in this place.
 E = Time spent auto-exploring this place.
 F = Levels seen in this place.
 G = Mean time per level.
                   A        B        C        D        E       F      G
               +--------+--------+--------+--------+--------+-----+--------+
         Total |  14122 |  13286 |    836 |    955 |   9423 |  18 |  784.6 |
       Dungeon |  10724 |  10107 |    617 |    629 |   7397 |  12 |  893.7 |
        Temple |     12 |      6 |      6 |      0 |      0 |   1 |   12.0 |
          Lair |   1345 |   1310 |     35 |     15 |   1131 |   2 |  672.5 |
  Orcish Mines |   2005 |   1828 |    177 |    311 |    895 |   2 | 1002.5 |
      Ice Cave |     34 |     34 |      0 |      0 |      0 |   1 |   34.0 |
               +--------+--------+--------+--------+--------+-----+--------+

Top non-repeatable levels by time:
   Orc:2: 1478 daAuts
     D:4: 1446 daAuts
     D:1: 1186 daAuts
     D:5: 1168 daAuts
    D:11: 1123 daAuts
     D:9: 930 daAuts
     D:8: 851 daAuts
  Lair:1: 762 daAuts
    D:12: 703 daAuts
    D:10: 695 daAuts
     D:6: 687 daAuts
     D:3: 678 daAuts
     D:2: 673 daAuts
  Lair:2: 582 daAuts
     D:7: 579 daAuts
